 Dungeon Crawl Stone Soup version 0.15-a0-2232-g756d4b8 (webtiles) character file.

964 PolkaDot the Cleaver (level 8, 0/67 HPs)
             Began as a Hill Orc Fighter on July 25, 2014.
             Slain by a sky beast (1 damage)
             ... on Level 5 of the Dungeon.
             The game lasted 00:15:20 (3915 turns).

PolkaDot the Cleaver (Hill Orc Fighter)             Turns: 3915, Time: 00:15:20

HP   0/67        AC  8     Str 16      XL: 8   Next: 15%
MP   8/8         EV  6     Int  8      God:
Gold 176         SH  0     Dex 14      Spells:  0 memorised,  7 levels left

rFire  . . .     SeeInvis .     a - +0 war axe
rCold  . . .     Clarity  .     b - +0 scale mail
rNeg   . . .     rCorr    .     c - +0 shield
rPois  .         rRot     .     (no helmet)
rElec  .         Spirit   .     (no cloak)
SustAb .         Warding  .     y - +0 pair of gloves
rMut   .         Stasis   .     (no boots)
Gourm  .                        (no amulet)
MR     .....                    n - cursed -3 ring of strength
                                q - +2 ring of dexterity

@: confused, lethally poisoned, drained, not resistant to hostile enchantments,
extremely unstealthy
A: no striking features
a: no special abilities


You were on level 5 of the Dungeon.
You were not hungry.

You visited 1 branch of the dungeon, and saw 5 of its levels.

You collected 176 gold pieces.

Inventory:

Hand weapons
 a - a +0 war axe (weapon)
Armour
 b - a +0 scale mail (worn)
 c - a +0 shield (worn)
 y - a +0 pair of gloves (worn)
Magical devices
 m - a wand of frost (12)
 G - a wand of disintegration (9)
Comestibles
 d - 2 meat rations
 i - a slice of pizza
 o - a chunk of bat flesh {@w1}
 t - 3 bread rations
 u - 4 fruits
 C - a beef jerky
Scrolls
 f - a scroll of recharging {unknown}
 g - 3 scrolls of fear
 k - a scroll of teleportation {unknown}
 l - a scroll of enchant weapon {unknown}
 p - a scroll of remove curse {unknown}
 r - a scroll of enchant armour {unknown}
 v - 3 scrolls of fog
 z - a scroll of random uselessness {unknown}
 D - a scroll of noise {unknown}
 H - a scroll of blinking {unknown}
Jewellery
 n - a cursed -3 ring of strength (right hand)
 q - a +2 ring of dexterity (left hand)
Potions
 e - a potion of restore abilities
 j - a potion of brilliance


   Skills:
 + Level 4.6(4.1) Fighting
 + Level 10.6(10.0) Axes
 * Level 5.1(4.6) Armour
 - Level 3.2(2.7) Shields


You had 7 spell levels left.
You didn't know any spells.

Dungeon Overview and Level Annotations

Branches:
Dungeon (5/15)             Temple (0/1) D:4

Altars:
Ashenzari


Message History

It was a potion of confusion.
The worker ant bites you.
* * * LOW HITPOINT WARNING * * *
You are poisoned.
The worker ant poisons you! Something hits you but does no damage.
Drink which item? (? for menu, Esc to quit)
It has a very clean taste.
You feel genetically stable.
You feel stupid.
It was a potion of cure mutation.
You feel sick. The worker ant bites you.
* * * LOW HITPOINT WARNING * * *
You are lethally poisoned!
The worker ant poisons you! Something hits you.
* * * LOW HITPOINT WARNING * * *
Something shocks you.
* * * LOW HITPOINT WARNING * * *
You miss something.
* * * LOW HITPOINT WARNING * * *
You feel sick.
The worker ant bites you but does no damage.
Something hits you.
You die...

#..........#
#.)........# .
#####..........#####..
.......................
#####..........#........
#..........#........
#..........#........
#..........#.a[....<.
#.......>...@#
###........#.##
#.........#..#
#.#######...## ...
........ ### ..#######
#.# .. ###


You could see a worker ant.

Vanquished Creatures
  Grinder (D:5)
  Edmund (D:5)
  Duvessa (D:4)
  A scorpion (D:4)
  Dowan (D:4)
  A vampire bat (D:3)
  A crimson imp (D:5)
  A hound (D:5)
  An orc wizard (D:3)
  A worker ant (D:4)
  An iguana (D:3)
  An ogre zombie (D:3)
  6 adders
  An orc skeleton (D:4)
  3 worms
  2 oozes
  11 orcs
  2 spectral bats (D:3)
  19 bats
  3 bat skeletons (D:3)
  A bat zombie (D:3)
  3 fire bats (D:3)
  5 giant cockroaches
  11 hobgoblins
  9 jackals
  2 quokkas
  A bat simulacrum (D:3)
  5 giant newts
  16 goblins
  8 kobolds
  6 rats
126 creatures vanquished.

Notes
Turn   | Place    | Note
--------------------------------------------------------------
     0 | D:1      | PolkaDot, the Hill Orc Fighter, began the quest for the Orb.
     0 | D:1      | Reached XP level 1. HP: 19/19 MP: 1/1
   268 | D:1      | Reached XP level 2. HP: 26/26 MP: 2/2
   303 | D:1      | Reached skill level 4 in Axes
   645 | D:1      | Reached XP level 3. HP: 29/31 MP: 3/3
  1163 | D:2      | Reached skill level 5 in Axes
  1368 | D:2      | Reached XP level 4. HP: 12/39 MP: 4/4
  1594 | D:2      | Reached skill level 6 in Axes
  2346 | D:3      | Reached XP level 5. HP: 32/45 MP: 5/5
  2519 | D:3      | Reached skill level 7 in Axes
  2599 | D:3      | Reached skill level 8 in Axes
  2599 | D:3      | Reached XP level 6. HP: 31/51 MP: 6/6
  3103 | D:4      | Found a staircase to the Ecumenical Temple.
  3185 | D:4      | Reached skill level 9 in Axes
  3242 | D:4      | Found a shattered altar of Ashenzari.
  3283 | D:4      | Noticed Duvessa
  3283 | D:4      | Noticed Dowan
  3321 | D:4      | Killed Duvessa
  3321 | D:4      | Reached XP level 7. HP: 43/57 MP: 7/7
  3331 | D:4      | Gained mutation: You evolve. [potion of mutation]
  3331 | D:4      | Gained mutation: Your mind is acute. (Int +2) [potion of mutation]
  3335 | D:4      | Killed Dowan
  3526 | D:4      | Reached skill level 10 in Axes
  3788 | D:5      | Entered Level 5 of the Dungeon
  3790 | D:5      | Noticed Grinder
  3799 | D:5      | Paralysed by Grinder for 3 turns
  3806 | D:5      | Killed Grinder
  3850 | D:5      | Noticed Edmund
  3866 | D:5      | Killed Edmund
  3866 | D:5      | Reached XP level 8. HP: 48/67 MP: 8/8
  3870 | D:5      | Reached skill level 5 in Armour
  3914 | D:5      | Lost mutation: You evolve. [potion of cure mutation]
  3914 | D:5      | Lost mutation: Your mind is acute. (Int +2) [potion of cure mutation]
  3914 | D:5      | HP: 2/67 [something (5)]
  3915 | D:5      | Slain by a sky beast

Action                   |  1- 3 |  4- 6 |  7- 9 || total
-------------------------+-------+-------+-------++-------
Melee: War axe           |   117 |   212 |   108 ||   437
Evoke: Wand              |       |       |     3 ||     3
  Use: Potion            |     1 |       |     7 ||     8
       Scroll            |       |     5 |       ||     5
  Eat: Chunk             |     1 |     7 |     3 ||    11
